 Dungeon Crawl Stone Soup version 0.18-a0-1426-g3b9a63c (webtiles) character file.

47333 GrosslyIncandescent the Martial Artist (level 14, -8/116 HPs)
             Began as a Mummy Monk on Feb 27, 2016.
             Mangled by a snapping turtle (22 damage)
             ... on level 1 of the Shoals.
             The game lasted 02:04:21 (41540 turns).

GrosslyIncandescent the Martial Artist (MuMo)      Turns: 41540, Time: 02:04:21

Health: -8/116     AC: 13    Str: 15    XL:     14   Next: 8%
Magic:  14/14      EV: 27    Int:  9    God:
Gold:   1299       SH:  0    Dex: 19    Spells: 0 memorised, 13 levels left

rFire  x . .     SeeInvis .       - Unarmed
rCold  + . .     Gourm    .     (no armour)
rNeg   + + +     Faith    +     (no shield)
rPois  ∞         Spirit   .     k - +1 helmet
rElec  .         Dismiss  .     c - +2 cloak
rCorr  .         Reflect  .     t - +0 pair of gloves
SustAt .         Harm     .     A - +0 pair of boots
MR     +....                    m - amulet of faith {Believe}
Stlth  ++++......               e - +6 ring of protection {I refuse to die with this in my inventory}
                                u - +5 ring of evasion {I refuse to die with this in my inventory too}

@: somewhat resistant to hostile enchantments, stealthy
A: no food or potions, fire vulnerability, cold resistance 1, negative energy
resistance 3, torment resistance, unbreathing, in touch with death 1, restore
body
a: Self-Restoration


You were on level 1 of the Shoals.
You were not hungry.

You visited 5 branches of the dungeon, and saw 25 of its levels.
You also visited: Labyrinth and Ice Cave.

You collected 1851 gold pieces.
You spent 552 gold pieces at shops.


Innate Abilities, Weirdness & Mutations

You do not eat or drink.
Your flesh is vulnerable to fire.
You are immune to poison.
Your flesh is cold resistant.
You are immune to negative energy.
You are immune to unholy pain and torment.
You can survive without breathing.
You are in touch with the powers of death.
You can restore your body by infusing magical energy.


   Skills:
 + Level 12.6 Fighting
 - Level 12.0 Dodging
 - Level 6.0 Stealth
 - Level 13.0 Unarmed Combat


You had 13 spell levels left.
You didn't know any spells.

Inventory:

Hand Weapons
 g - a +0 short sword {Terence's bloody knife}
Armour
 c - a +2 cloak (worn)
 k - a +1 helmet (worn)
 t - a +0 pair of gloves (worn)
 A - a +0 pair of boots (worn)
 H - the +3 robe of Clouds {+Fly rElec, Did NOT run from the Ice cave}

   It insulates you from electricity.
   It lets you fly.
Jewellery
 e - a +6 ring of protection (right hand) {I refuse to die with this in my inventory}
 m - an amulet of faith (around neck) {Believe}
 u - a +5 ring of evasion (left hand) {I refuse to die with this in my inventory too}
 x - the ring "Pecaps" {rN+ Str+3 Int-3 Dex+4, I risked certain death and all I got was this lousy ring}

   [ring of positive energy]

   It affects your strength (+3).
   It affects your intelligence (-3).
   It affects your dexterity (+4).
   It protects you from negative energy.
 y - an uncursed ring of teleportation {Free rides}
 B - an uncursed ring of sustain attributes
 D - an uncursed amulet of regeneration
Scrolls
 a - 3 scrolls of amnesia
 b - 14 scrolls of remove curse
 d - 3 scrolls of teleportation {!r @r4}
 f - 5 scrolls of blinking {!r}
 h - a scroll of torment {!r TRJ fodder}
 l - 3 scrolls of enchant weapon
 o - 5 scrolls of magic mapping
 p - 5 scrolls of recharging
 q - 10 scrolls of fear {!r}
 s - 5 scrolls of random uselessness
 w - 2 scrolls of fog {!r}
 C - 4 scrolls of identify {@r1}
 E - a scroll of teleportation {@r4}
 F - a scroll of summoning {!r}
 G - a scroll of silence {!r}
 I - a scroll of immolation {!r}
Books
 v - a book of the Sky

   Spells                             Type                      Level
   a - Summon Lightning Spire         Summoning/Air                4
   b - Airstrike                      Air                          4
   c - Silence                        Hexes/Air                    5
   d - Deflect Missiles               Charms/Air                   6
   e - Conjure Ball Lightning         Conjuration/Air              6
   f - Tornado                        Air                          9
Comestibles
 i - 10 meat rations
 j - 12 bread rations
 n - 20 royal jellies
 r - 2 slices of pizza
 z - 7 fruits

Dungeon Overview and Level Annotations

Branches:
Dungeon (12/15)            Temple (1/1) D:7            Lair (8/8) D:10
 Shoals (2/4) Lair:4        Snake (0/4) Lair:3        Slime (0/6) Lair:6
    Orc (2/2) D:11
    Elf: Orc:2

Altars:
Ashenzari
Cheibriados
Dithmenos
Elyvilon
Fedhas
Gozag
Kikubaaqudgha
Makhleb
Nemelex Xobeh
Okawaru
Pakellas
Qazlal
Ru
Sif Muna
Trog
Vehumet
Xom
Yredelemnul
Zin
The Shining One
Jiyva

Shops:
D:5 %   D:12 :   Shoals:1 ?

Annotations:
D:7 exclusion: downstairs
D:11 exclusion: 2 downstairs
D:12 !Cyclops & a LOT of uniques, exclusion: mottled dragon, Kirke, Rupert
Temple Sacrificed
Lair:1 exclusion: 2 downstairs
Lair:2 exclusions: hydra and 8 more exclusions
Lair:3 Harold
Lair:4 exclusions: downstairs and 20 more exclusions
Lair:5 !linda
Lair:7 !too many heads stepping on things they shouldn't
Lair:8 exclusions: blink frog, hydra, rime drake and 4 more exclusions
Shoals:1 The only good thing about you is that you're not Swamp
Orc:1 exclusion: downstairs
Orc:2 !Get more MR

.....≈...▒▒.≈≈≈≈≈≈≈≈≈≈≈≈≈≈≈≈≈≈░
.............≈≈≈≈≈≈≈≈≈≈≈≈≈≈≈≈≈░
..▒▒...≈..▒▒▒.≈≈≈≈≈≈≈≈≈≈≈≈≈≈≈≈░
.▒▒▒▒.≈..▒▒ ▒.≈≈≈≈≈≈≈≈≈≈≈≈≈≈≈≈▒
.▒▒▒.≈≈≈..▒▒▒.≈≈≈≈≈≈≈≈≈≈≈≈≈≈≈≈▒
.........≈....≈≈≈≈≈<≈≈≈≈≈≈≈≈≈≈▒
..▒▒....≈≈...≈≈≈≈....≈≈≈≈≈≈≈≈≈▒
..▒▒...≈≈≈≈≈≈≈≈≈.......≈≈≈≈≈≈≈▒
..▒▒....≈≈≈≈≈≈≈≈M.t.....≈≈≈≈≈≈▒
..▒▒▒[...≈≈≈≈≈≈≈.........≈≈≈≈≈▒
..........≈≈≈≈≈..........≈≈≈≈≈▒
...>..≈≈.≈≈≈≈≈........∩..≈≈≈≈≈▒
.......≈.≈≈≈≈≈...........≈≈≈≈≈▒
≈........≈≈≈≈≈≈.........≈≈≈≈≈≈▒
≈..▒▒▒...≈≈≈≈≈......≈≈≈≈≈≈≈≈≈≈▒
≈..▒ ░▒..≈≈≈≈≈≈≈..≈≈≈≈≈≈≈≈≈≈≈≈▒
≈..▒░ ░▒.....≈≈≈≈.≈≈≈≈≈≈≈≈≈≈≈≈▒


You could see a snapping turtle.


Message History

The snapping turtle bites you! * * * don't die
* * * You pummel the snapping turtle like a punching bag!!!
The snapping turtle is heavily wounded!
You squash the snapping turtle but do no damage!
The snapping turtle is heavily wounded!
The snapping turtle barely misses you!
You squash the snapping turtle but do no damage!
The snapping turtle is heavily wounded!
The snapping turtle bites you!!!!!! * * * don't die
* * * You barely miss the snapping turtle!
The snapping turtle is heavily wounded!
The snapping turtle bites you!!! * * * don't die
* * * You pulverise the snapping turtle but do no damage!
The snapping turtle is heavily wounded!
The snapping turtle closely misses you!
Enter note: and then he died to a turtle Read which item? (? for menu, Esc to quit)
Okay, then!
Here: a snapping turtle (heavily wounded)
The floor!
Read which item? (? for menu, Esc to quit)
Really read
q - 11 scrolls of fear {!!.r}?
As you read the scroll of fear {!!.r}, it crumbles to dust!
You assume a fearsome visage!
The snapping turtle resists with some effort!
The snapping turtle bites you from afar!!!!!! rip

Action                   |  1- 3 |  4- 6 |  7- 9 | 10-12 | 13-15 || total
-------------------------+-------+-------+-------+-------+-------++-------
Melee: Unarmed           |   140 |   374 |   566 |  1583 |  1209 ||  3872
  Use: Scroll            |       |     7 |     4 |    10 |     8 ||    29
 Stab: Sleeping          |     5 |     2 |     6 |    16 |    15 ||    44
       Distracted        |       |     1 |       |     1 |     4 ||     6

Vault maps used:
D:1:      dpeg_arrival_stonehenge_8_columns
D:2:      lemuel_crystal_altar, nicolae_overflow_hidden_temple, serial_curves,
          eino_curves_02, eino_curves_02, eino_curves_01,
          wad_floor_pattern_untrapped, uniq_natasha, uniq_terence
D:3:      lemuel_doored_altar, uniq_robin
D:4:      ashenzari_conservatory_becter, kennysheep_little_box, first_bread,
          hangedman_minor_gate_pass, uniq_grinder
D:5:      lemuel_crystal_altar, nicolae_qazlal_style_of_elements,
          xom_teletrap_fun, serial_shops,
          nicolae_shop_temple_entry_statues_fountains, grunt_ministairs_6
D:6:      gammafunk_temple_overflow_elements
D:7:      kennysheep_mini_moat, minmay_temple_entry_purple_smoke
D:8:      nicolae_gozag_cash_rules_everything_around_me,
          hangedman_little_slice_of_home
D:9:      hangedman_misty_isle
D:10:     hangedman_cross_cluster, basic_altar, evilmike_surprise_oklob,
          uniq_grum
D:11:     hiddenorc2_lemuel, basic_altar
D:12:     portal_ice_cave_entry_pillars_02, serial_shops, shop_statue,
          uniq_rupert, uniq_kirke
Temple:   nicolae_temple_figure_zero
Lair:1:   st_stairs_12, patterned_corridor, bh_autumn_forest_stairs
Lair:2:   pond
Lair:3:   guppyfry_snake_entry_island, lab_entry_generic, uniq_harold
Lair:4:   elwin_shoals_entry_stream, infiniplex_staircase_pool
Lair:5:   kennysheep_basilisk_garden, lemuel_fruit_tree, grunt_megastairs_3
Lair:6:   slime_altar_1
Lair:7:   grunt_megastairs_4
Lair:8:   wormcave, hangedman_lair_caniforms_friends, serial_forest,
          infiniplex_forest_clump_long, infiniplex_forest_fountain,
          infiniplex_forest_straight_1, infiniplex_forest_clump_small,
          minivault_24, st_stairs_4, bobbens_ice_dragon_lair
Shoals:1: serial_shops, shop_scrolls
Orc:2:    st_orc_congregation
Lab:      labyrinth_hidden_loot
IceCv:    ice_cave_tombish

Notes
Turn   | Place    | Note
--------------------------------------------------------------
     0 | D:1      | GrosslyIncandescent the Mummy Monk began the quest for the Orb.
     0 | D:1      | Reached XP level 1. HP: 18/18 MP: 1/1
    89 | D:2      | Reached XP level 2. HP: 4/24 MP: 2/2
   344 | D:2      | Noticed Terence
   650 | D:1      | Reached skill level 2 in Stealth
   876 | D:1      | Reached XP level 3. HP: 14/29 MP: 3/3
   996 | D:1      | holy shit I must not die
  1400 | D:1      | Killed Terence
  1500 | D:2      | Found a white marble altar of Elyvilon.
  1574 | D:2      | Reached XP level 4. HP: 32/35 MP: 4/4
  1954 | D:2      | Noticed Natasha
  1964 | D:2      | Killed Natasha
  1964 | D:2      | Reached skill level 3 in Dodging
  2113 | D:2      | Found a snail-covered altar of Cheibriados.
  2189 | D:2      | Noticed Natasha
  2272 | D:3      | Noticed Robin
  2358 | D:3      | Reached skill level 3 in Stealth
  2746 | D:3      | Reached XP level 5. HP: 27/42 MP: 5/5
  2979 | D:3      | Reached skill level 4 in Unarmed Combat
  3437 | D:2      | Killed Robin
  3681 | D:3      | Found a deep blue altar of Sif Muna.
  4012 | D:4      | Noticed an ogre
  4078 | D:3      | Reached XP level 6. HP: 28/48 MP: 6/6
  4342 | D:3      | Reached skill level 5 in Unarmed Combat
  4576 | D:4      | Found a shattered altar of Ashenzari.
  4662 | D:4      | Noticed Grinder
  4780 | D:4      | Found a sparkling altar of Nemelex Xobeh.
  4866 | D:4      | Reached skill level 4 in Fighting
  5199 | D:4      | Reached skill level 5 in Fighting
  5778 | D:5      | Entered Level 5 of the Dungeon
  5839 | D:5      | Found a shimmering altar of Xom.
  5940 | D:5      | Found a stormy altar of Qazlal.
  5941 | D:5      | Noticed an air elemental
  5943 | D:5      | Noticed a fire elemental
  5943 | D:5      | Noticed a water elemental
  6078 | D:5      | Found a blossoming altar of Fedhas.
  6083 | D:5      | Found Towunilo's Food Shop.
  6323 | D:4      | Reached XP level 7. HP: 52/56 MP: 7/7
  7055 | D:6      | Reached skill level 4 in Dodging
  7445 | D:6      | Reached skill level 5 in Dodging
  7598 | D:6      | Found a shadowy altar of Dithmenos.
  7598 | D:6      | Found a glowing silver altar of Zin.
  8399 | D:6      | Reached XP level 8. HP: 47/62 MP: 8/8
  8543 | D:6      | Reached skill level 6 in Unarmed Combat
  9468 | D:6      | Reached skill level 7 in Unarmed Combat
  9810 | D:7      | Found a staircase to the Ecumenical Temple.
  9815 | D:7      | Noticed namelastname112's ghost (novice DrTm)
 10064 | D:4      | Killed Grinder
 10081 | D:4      | I refuse to die
 10219 | D:7      | Reached skill level 8 in Unarmed Combat
 10557 | D:7      | Reached XP level 9. HP: 63/68 MP: 9/9
 10698 | D:7      | Found a bloodstained altar of Trog.
 10798 | D:7      | Reached skill level 6 in Fighting
 10832 | Temple   | Entered the Ecumenical Temple
 11485 | D:8      | Reached skill level 7 in Fighting
 11538 | D:8      | Found an opulent altar of Gozag.
 11637 | D:8      | Reached skill level 8 in Fighting
 12147 | D:8      | Reached skill level 6 in Dodging
 12801 | D:9      | Reached skill level 7 in Dodging
 12801 | D:9      | Reached XP level 10. HP: 73/80 MP: 10/10
 13371 | D:9      | Reached skill level 9 in Unarmed Combat
 13508 | D:10     | Entered Level 10 of the Dungeon
 14226 | D:7      | Killed namelastname112's ghost
 14957 | D:9      | Reached skill level 10 in Unarmed Combat
 15945 | D:10     | Noticed a purple ugly thing
 16369 | D:10     | Noticed a hill giant
 16385 | D:10     | Reached skill level 9 in Fighting
 16518 | D:10     | Found a basalt altar of Yredelemnul.
 16669 | D:10     | Reached XP level 11. HP: 89/89 MP: 11/11
 16827 | D:10     | Reached skill level 8 in Dodging
 16994 | D:10     | Noticed Grum
 17286 | D:9      | Killed Grum
 17809 | D:10     | Found a staircase to the Lair.
 18067 | Lair:1   | Entered Level 1 of the Lair of Beasts
 18478 | Lair:2   | Noticed an eight-headed hydra
 18479 | Lair:2   | it's happening again
 18825 | Lair:1   | Reached skill level 10 in Fighting
 19745 | Lair:2   | Reached skill level 9 in Dodging
 20594 | Lair:2   | Reached skill level 10 in Dodging
 21041 | Lair:2   | Reached skill level 4 in Stealth
 21166 | Lair:3   | Found a labyrinth entrance.
 21167 | Lair:3   | neat
 21359 | Lair:3   | Found a staircase to the Snake Pit.
 21364 | Lab      | Entered a labyrinth
 21647 | Lab      | oh dear
 21647 | Lab      | we're having some technical difficulties
 21906 | Lab      | Noticed a minotaur
 21909 | Lab      | Got a twitching granite ring
 21912 | Lair:3   | nope
 21914 | Lair:3   | Identified the ring "Pecaps" {rN+ Str+3 Int-3 Dex+4} (You found it in a labyrinth)
 22138 | Lair:3   | Noticed Harold
 22273 | Lair:3   | Reached skill level 5 in Stealth
 22273 | Lair:3   | Reached XP level 12. HP: 54/97 MP: 12/12
 23108 | Lair:3   | Reached skill level 6 in Stealth
 23463 | Lair:4   | Found a staircase to the Shoals.
 24026 | Lair:3   | Reached skill level 11 in Unarmed Combat
 25376 | Lair:4   | Noticed a six-headed hydra
 25466 | Lair:5   | oh
 25466 | Lair:5   | Well you sure look less threatening than a fire drake
 25695 | Lair:5   | Reached skill level 11 in Fighting
 26287 | Lair:6   | Found a staircase to the Slime Pits.
 26288 | Lair:6   | Found a viscous altar of Jiyva.
 27430 | Lair:7   | Noticed a five-headed hydra
 27796 | Lair:7   | overall they're not as threatening as fire drakes
 28310 | Lair:7   | Noticed a six-headed hydra
 28324 | Lair:7   | oh
 28324 | Lair:7   | oh dear
 28425 | Lair:8   | Entered Level 8 of the Lair of Beasts
 28437 | Lair:8   | Reached skill level 12 in Unarmed Combat
 29717 | Lair:8   | Gained mutation: You are in touch with the powers of death. [Mummy growth]
 29717 | Lair:8   | Gained mutation: You can restore your body by infusing magical energy. [Mummy growth]
 29717 | Lair:8   | Reached XP level 13. HP: 84/107 MP: 13/13
 29969 | Lair:8   | Reached skill level 12 in Fighting
 30935 | Lair:8   | oh
 30935 | Lair:8   | oh RIGHT
 30935 | Lair:8   | it's THIS vault
 31926 | Lair:5   | Reached skill level 11 in Dodging
 32336 | Lair:4   | dang
 33494 | D:11     | Found a staircase to the Orcish Mines.
 33622 | D:11     | Found an opulent altar of Gozag.
 34338 | Orc:1    | Entered Level 1 of the Orcish Mines
 34562 | D:12     | Found a frozen archway.
 34729 | D:12     | Found Xola's Book Shop.
 34804 | IceCv    | Entered an ice cave
 34812 | IceCv    | hmm
 34918 | IceCv    | I like that they don't scream
 34918 | IceCv    | very polite
 35724 | IceCv    | Reached skill level 12 in Dodging
 35746 | IceCv    | oh wait this is the one with the big bad
 35746 | IceCv    | the ice fiend
 35746 | IceCv    | yeah I'll probably run away
 35757 | IceCv    | and here's the whatsthename
 35757 | IceCv    | simulacra of big stuff
 35869 | IceCv    | I could have sworn this place had golden dragon and anaconda simulacra too
 36112 | IceCv    | that's a fat stack of fear
 36169 | IceCv    | Got a translucent great sword
 36177 | IceCv    | Identified the +11 great sword "Junlib" {antimagic, SInv} (You found it in an ice cave)
 36178 | IceCv    | oh baby
 36306 | D:12     | oh
 36306 | D:12     | OH
 36644 | D:12     | nice
 36905 | D:12     | Noticed Kirke
 36907 | D:12     | oh god why
 37021 | D:12     | Noticed Rupert
 37895 | Orc:2    | Entered Level 2 of the Orcish Mines
 37896 | Orc:2    | welp, orc's off limits
 37906 | Orc:1    | kinda bullshit that it's the only downstair
 38390 | D:2      | Found a white marble altar of Elyvilon.
 38562 | D:2      | Killed Natasha
 38616 | D:2      | Noticed Natasha
 38622 | D:2      | Killed Natasha
 38626 | D:2      | Found a snail-covered altar of Cheibriados.
 39410 | Lair:2   | I wonder
 39477 | Lair:2   | that was incredibly risky
 39477 | Lair:2   | why did I do taht
 39862 | Lair:3   | Reached skill level 13 in Unarmed Combat
 39874 | Lair:3   | Reached XP level 14. HP: 115/115 MP: 14/14
 40667 | Lair:4   | Found a staircase to the Shoals.
 41015 | Shoals:1 | Entered Level 1 of the Shoals
 41015 | Shoals:1 | Found Peavvasu's Magic Scroll Shoppe.
 41016 | Shoals:1 | a shop
 41016 | Shoals:1 | that's a nice start
 41231 | Shoals:1 | Bought a scroll of blinking for 120 gold pieces
 41231 | Shoals:1 | Bought a scroll of blinking for 120 gold pieces
 41231 | Shoals:1 | Bought a scroll of identify for 32 gold pieces
 41231 | Shoals:1 | Bought a scroll of teleportation for 48 gold pieces
 41231 | Shoals:1 | Bought a scroll of blinking for 120 gold pieces
 41231 | Shoals:1 | Bought a scroll of immolation for 56 gold pieces
 41263 | Shoals:1 | Bought a scroll of magic mapping for 56 gold pieces
 41292 | Shoals:1 | I shouldn't really do shoals without a shield
 41292 | Shoals:1 | or flying
 41294 | Shoals:1 | I shouldn't do shoals
 41540 | Shoals:1 | and then he died to a turtle
 41540 | Shoals:1 | Mangled by a snapping turtle

Vanquished Creatures
  2 hydras
  A sea snake (Shoals:1)
  An unseen horror (D:12)
  A hill giant (D:8)
  An orc knight (D:11)
  A necromancer (IceCv)
  The ghost of namelastname112 the Grappler, a novice DrTm of Cheibriados (D:7)
  An ugly thing (D:10)
  A cyclops (D:11)
  A manticore (D:11)
  A griffon (Lair:7)
  2 sirens (Lair:4)
  5 black mambas
  3 ice statues (IceCv)
  9 spiny frogs
  A kobold demonologist (D:10)
  5 rime drakes
  7 komodo dragons
  6 ice devils (IceCv)
  A queen bee (Lair:2)
  2 merfolk (Lair:3)
  5 trolls
  Grinder (D:4)
  2 two-headed ogres
  12 blink frogs
  A snapping turtle (Shoals:2)
  2 shadows
  37 yaks
  2 wyverns
  Grum (D:9)
  3 hogs
  6 basilisks
  5 hungry ghosts
  10 hippogriffs
  3 wolves (D:9)
  2 insubstantial wisps
  2 nagas
  2 steam dragons
  15 water moccasins
  A hell hound (Lair:8)
  11 porcupines
  A swamp drake (Lair:2)
  5 black bears
  2 ice beasts
  4 sky beasts
  12 orc warriors
  A necrophage (D:8)
  3 phantoms
  7 centaurs
  9 ogres
  20 crocodiles
  A big kobold (D:10)
  27 giant frogs
  3 wyvern skeletons
  3 scorpions
  29 killer bees
  7 howler monkeys
  9 crimson imps
  4 draconian simulacra (IceCv)
  2 giant frog zombies
  12 hounds
  9 jellies
  26 orc wizards
  3 centaur skeletons
  2 giant frog skeletons
  11 orc priests
  Terence (D:1)
  4 hell rats (Lair:4)
  7 iguanas
  Natasha (thrice) (D:2)
  10 worker ants
  2 troll simulacra (IceCv)
  19 sheep
  A centaur simulacrum (IceCv)
  A hound zombie (D:11)
  Robin (D:2)
  8 gnolls (D:3)
  2 howler monkey skeletons (D:11)
  13 adders
  3 naga simulacra (IceCv)
  35 river rats
  4 shadow imps
  7 oozes
  2 worms
  A dart slug (D:2)
  4 giant geckos
  64 orcs
  3 giant cockroaches
  14 goblins
  11 hobgoblins
  9 jackals
  8 quokkas
  A ball python (D:1)
  5 bats
  A giant gecko skeleton (D:4)
  4 giant newts
  9 kobolds
  6 rats
  2 fungi
  2 plants
655 creatures vanquished.

Vanquished Creatures (others)
  A white imp (Lair:7)
  An orc (D:6)
  A bush (Lair:8)
  28 fungi
  66 plants
97 creatures vanquished.

Grand Total: 752 creatures vanquished
